 Dungeon Crawl Stone Soup version 0.28-a0-793-g31680bbd8b (webtiles) character file.

Game seed: 17912732402218969887

74 freelancePsychic the Stinger (level 4, -12/36 HPs)
             Began as a Naga Venom Mage on Nov 3, 2021.
             Mangled by an ogre (22 damage)
             ... on level 3 of the Dungeon.
             The game lasted 00:04:28 (2429 turns).

freelancePsychic the Stinger (Naga Venom Mage)      Turns: 2429, Time: 00:04:29

Health: -12/36     AC:  2    Str: 11    XL:     4   Next: 30%
Magic:  8/8        EV:  9    Int: 16    God:
Gold:   70         SH:  0    Dex: 11    Spells: 7/8 levels left

rFire   . . .      SeeInvis +   h - +0 dagger (venom)
rCold   . . .      Faith    .   (no shield)
rNeg    . . .      Spirit   .   a - +0 robe
rPois   +          Reflect  .   (no helmet)
rElec   .          Harm     .   (no cloak)
rCorr   .          Rampage  .   (no gloves)
Will    .....                   (no barding)
Stlth   +++.......              (no amulet)
HPRegen 0.12/turn               (no ring)
MPRegen 0.11/turn               (no ring)

@: very slow
A: AC +1, large, see invisible, deformed body, poison resistance, slowness 2,
spit poison 1, naga tail 1
a: Spit Poison


You were on level 3 of the Dungeon.
You visited 1 branch of the dungeon, and saw 3 of its levels.

You collected 70 gold pieces.

Inventory:

Hand Weapons
 b - a +0 short sword
 h - a +0 dagger of venom (weapon)
Armour
 a - a +0 robe (worn)
Magical Staves
 d - a staff of cold
Scrolls
 c - a scroll of teleportation {unknown}
 e - a scroll of vulnerability {unknown}
 f - 2 scrolls of identify {unknown}
 i - a scroll of enchant armour {unknown}
 j - a scroll of fear {unknown}
Potions
 g - a potion of degeneration {unknown}
 k - 2 potions of ambrosia {unknown}
 l - a potion of heal wounds {unknown}
 m - a potion of haste {unknown}


   Skills:
 - Level 1.5 Dodging
 + Level 4.7 Stealth
 + Level 2.8 Spellcasting
 - Level 1.0 Transmutations
 + Level 5.0 Poison Magic


You had 7 spell levels left.
You knew the following spells:

 Your Spells              Type           Power      Damage    Failure   Level
a - Sting                 Tmut/Pois      44%        1d5       5%          1

Your spell library contained the following spells:

 Spells                   Type           Power      Damage    Failure   Level
 Poisonous Vapours        Pois/Air       20%        N/A       11%         2
 Beastly Appendage        Tmut           10%        N/A       13%         1
 Spider Form              Tmut/Pois      11%        N/A       17%         3
 Magic Dart               Conj           8%         1d3       19%         1
 Wereblood                Tmut           5%         N/A       19%         2
 Olgreb's Toxic Radiance  Pois           18%        N/A       24%         4
 Ensorcelled Hibernation  Hex/Ice        4%         N/A       28%         2
 Searing Ray              Conj           4%         2d4       28%         2
 Mephitic Cloud           Conj/Pois/Air  7%         N/A       28%         3
 Tukima's Dance           Hex            2%         N/A       50%         3
 Fulminant Prism          Conj/Hex       1%         3d6       88%         4


Dungeon Overview and Level Annotations

Branches:
Dungeon (3/15)

Altars:

Annotations:
D:2 exclusion: black bear


Innate Abilities, Weirdness & Mutations

Your serpentine skin is tough. (AC +1)
You have supernaturally acute eyesight. (SInv)
Armour fits poorly on your strangely shaped body.
Your system is resistant to poisons. (rPois)
You cover ground very slowly.
You can spit poison.
You have a snake-like lower body.


Message History

The sting misses the orc.
You closely miss the orc.
The orc is heavily wounded.
The orc closely misses you.
You barely miss the orc.
The orc is heavily wounded.
The orc hits you with a +0 dagger.
You hit the orc.
You kill the orc!
No target in view!
HP restored.
Things that are here:
a +0 dagger; an orc corpse You see here 19 stones.
You now have 57 gold pieces (gained 15).
You now have 70 gold pieces (gained 13).
Found an escape hatch in the ceiling.
There is an escape hatch in the ceiling here.
There is an escape hatch in the ceiling here.
There is a stone staircase leading down here.
An endoplasm comes into view.
Found 20 stones.
An endoplasm is nearby!
You see here 20 stones.
The helpless endoplasm fails to defend itself.
You puncture the endoplasm!
You kill the endoplasm!
A quokka comes into view.
A quokka is nearby!
An ogre comes into view. It is wielding a +0 giant club.
The helpless ogre fails to defend itself.
You puncture the ogre!
The ogre is poisoned.
The ogre is heavily wounded.
The ogre hits you with a +0 giant club!!
Ouch! That really hurt!
* * * LOW HITPOINT WARNING * * *
Okay, then.
The ogre hits you with a +0 giant club!!
Ouch! That really hurt!
You die...

.# .# .# ##### ### .#
##<..# ##.## .#
.....#######.#.###.######
##..........###.#...r....
##.########.#.##O.######
#.# #(.(....@..# #)#
#.###.###..# #.# #.# #.#
#..# #.# #.# #.# #..#
###.#####.# #.# #..#
.......>..# #.. ...#
###.####..# ### #..#
###.# #..#######..#
....####<.........


You could see an ogre (very poisoned) and a quokka.

Vanquished Creatures
  An adder (D:2)
  2 worms (D:2)
  A dart slug (D:1)
  2 orcs (D:3)
  6 endoplasms
  10 goblins
  3 hobgoblins (D:1)
  7 jackals
  2 kobolds
  4 quokkas
  A ball python (D:2)
  3 bats (D:2)
  2 frilled lizards
  3 rats
47 creatures vanquished.

Vanquished Creatures (others)
  9 toadstools (D:3)
9 creatures vanquished.

Grand Total: 56 creatures vanquished

Notes
Turn   | Place    | Note
-------+----------+-------------------------------------------
     0 | D:1      | freelancePsychic the Naga Venom Mage began the quest for
                  | the Orb.
     0 | D:1      | Reached XP level 1. HP: 15/15 MP: 3/3
   271 | D:1      | Reached XP level 2. HP: 16/22 MP: 0/5
  1072 | D:1      | Reached XP level 3. HP: 28/28 MP: 6/6
  1706 | D:2      | Noticed a black bear
  1868 | D:2      | Reached XP level 4. HP: 25/36 MP: 8/8
  2111 | D:2      | Reached skill level 5 in Poison Magic
  2424 | D:3      | Noticed an ogre
  2429 | D:3      | Mangled by an ogre

Illustrated notes

Levels and vault maps discovered:
D:1:      amcnicky_arrival_underground_garden, layout_rooms,
          hangedman_feature_mirror
D:2:      layout_rooms, minmay_heptomino_h4
D:3:      cheibrodos_fertilizer, layout_loops_ring

Skill      XL: |  1  2  3  4 |
---------------+-------------+-----
Stealth        | 4 |  4.7
Poison Magic   | 5 |  5.0
Dodging        | |  1.5
Spellcasting   | |  2.8
Transmutations | |  1.0

Action                   |  1- 3 |  4- 6 || total
-------------------------+-------+-------++-------
Melee: Unarmed           |     8 |       ||     8
       Short sword       |     7 |       ||     7
       Dagger            |    31 |     9 ||    40
 Cast: Sting             |    47 |    17 ||    64
 Stab: Sleeping          |     4 |     2 ||     6
Armor: Robe              |     6 |       ||     6
Dodge: Dodged            |    38 |     4 ||    42

Table legend: (Time is in decaauts)
 A = Elapsed time spent in this place.
 B = Non-inter-level travel time spent in this place.
 C = Inter-level travel time spent in this place.
 D = Time resting spent in this place.
 E = Time spent auto-exploring this place.
 F = Levels seen in this place.
 G = Mean time per level.
                   A        B        C        D        E       F      G
               +--------+--------+--------+--------+--------+-----+--------+
         Total |   2842 |   2766 |     76 |      0 |   2333 |   3 |  947.3 |
       Dungeon |   2842 |   2766 |     76 |      0 |   2333 |   3 |  947.3 |
               +--------+--------+--------+--------+--------+-----+--------+

Top non-repeatable levels by time:
     D:1: 1362 daAuts
     D:2: 1174 daAuts
     D:3: 305 daAuts
